 Dungeon Crawl Stone Soup version 0.23.2-40-g277498a (webtiles) character file.

Game seed: 5063631263411581934

224 Fang the Skirmisher (level 6, -1/39 HPs)
             Began as a Gargoyle Berserker on Sept 6, 2019.
             Was a Priest of Trog.
             Slain by an orc wizard
             ... wielding a +0 dagger
              (2 damage)
             ... on level 3 of the Dungeon.
             The game lasted 00:02:05 (1920 turns).

Fang the Skirmisher (Gargoyle Berserker)            Turns: 1920, Time: 00:02:05

Health: -1/39      AC:  9    Str: 22    XL:     6   Next: 0%
Magic:  6/6        EV: 12    Int:  8    God:    Trog [***...]
Gold:   98         SH:  0    Dex:  9    Spells: 5/5 levels left

rFire    . . .     SeeInvis .   a - +0 hand axe
rCold    . . .     Gourm    +   (no shield)
rNeg     + . .     Faith    .   b - +0 animal skin
rPois    ∞         Spirit   .   m - +2 helmet
rElec    +         Reflect  .   (no cloak)
rCorr    .         Harm     .   (no gloves)
MR       .....                  (no boots)
Stlth    +.........             j - amulet of the gourmand
HPRegen  0.13/turn              (no ring)
MPRegen  0.10/turn              (no ring)

@: berserk cooldown, slowed, very slow
A: negative energy resistance 1, electricity resistance, unbreathing,
petrification resistance, rot immunity, AC +4
a: Berserk, Trog's Hand, Renounce Religion


You were on level 3 of the Dungeon.
You worshipped Trog.
Trog was most pleased with you.
You were very hungry.

You visited 1 branch of the dungeon, and saw 3 of its levels.

You collected 98 gold pieces.

Inventory:

Hand Weapons
 a - a +0 hand axe (weapon)
Armour
 b - a +0 animal skin (worn)
 m - a +2 helmet (worn)
Jewellery
 j - an amulet of the gourmand (around neck)
Scrolls
 d - 4 scrolls of remove curse {unknown}
 e - a scroll of identify {unknown}
 h - a scroll of fog {unknown}
 k - a scroll of teleportation {unknown}
 l - a scroll of enchant armour {unknown}
Potions
 f - a potion of haste {unknown}
 i - a potion of invisibility {unknown}
 n - a potion of heal wounds {unknown}
 o - a potion of degeneration {unknown}
Comestibles
 c - 7 rations


   Skills:
 + Level 4.5 Fighting
 + Level 3.7 Axes
 + Level 3.7 Armour
 + Level 2.8 Dodging


You had 5 spell levels left.
You didn't know any spells.
Your spell library was empty.

Dungeon Overview and Level Annotations

Branches:
Dungeon (3/15)

Altars:
Uskayaw
Yredelemnul


Innate Abilities, Weirdness & Mutations

You are resistant to torment.
Your stone body is resilient. (AC +4)
You are immune to poison.
You resist negative energy. (rN+)
You are resistant to electric shocks. (rElec)
You can survive without breathing.
You are immune to petrification.
You are immune to rotting.


Message History

You hear some strange, mumbled words.
A magic dart appears from out of thin air!
The magic dart hits you!
* * * LOW HITPOINT WARNING * * *
Something completely misses you. Something hits you but does no damage.
You hit something but do no damage. You miss something.
Something hits you but does no damage. x2; Something hits you.
* * * LOW HITPOINT WARNING * * *
You barely miss something. x2; Something hits you but does no damage. x3
You miss something. You barely miss something.
You hear some strange, mumbled words.
A puff of flame appears from out of thin air!
The puff of flame hits you.
* * * LOW HITPOINT WARNING * * *
You hear some strange, mumbled words.
A magic dart appears from out of thin air!
The magic dart hits you.
* * * LOW HITPOINT WARNING * * *
Something hits you.
You die...

..........#
#.........#
#.........#
#.........#
#.........#
#.........###
#####...........#
#...<.........#.#
#########.#...@.#
###.)........##
#...††)......#
#...#...)).....#
.................#
.........###.###.#
..##.....# #.# .(#
. ....#... ... #.#
....#..##..#. .#


There were no monsters in sight!

Vanquished Creatures
  An ogre (D:2)
  Robin (D:2)
  5 adders (D:2)
  An ooze (D:1)
  A worm (D:2)
  2 dart slugs
  4 leopard geckos
  5 orcs (D:3)
  4 giant cockroaches
  12 goblins
  9 hobgoblins
  2 quokkas (D:2)
  4 bats
  3 frilled lizards (D:1)
  6 kobolds
  10 rats
70 creatures vanquished.

Notes
Turn   | Place    | Note
-------+----------+-------------------------------------------
     0 | D:1      | Fang the Gargoyle Berserker began the quest for the Orb.
     0 | D:1      | Reached XP level 1. HP: 14/14 MP: 1/1
    93 | D:1      | Reached XP level 2. HP: 6/19 MP: 2/2
   526 | D:1      | Reached XP level 3. HP: 21/23 MP: 3/3
   604 | D:1      | Reached ** piety under Trog
   879 | D:2      | Noticed an ogre
   884 | D:2      | Killed an ogre
   884 | D:2      | Reached skill level 4 in Fighting
   884 | D:2      | Reached XP level 4. HP: 29/29 MP: 4/4
   884 | D:2      | Reached XP level 5. HP: 33/33 MP: 5/5
   933 | D:2      | Found a basalt altar of Yredelemnul.
  1085 | D:2      | Found a hide-covered altar of Uskayaw.
  1437 | D:2      | Noticed Robin
  1449 | D:2      | Killed Robin
  1897 | D:3      | Reached *** piety under Trog
  1897 | D:3      | Reached XP level 6. HP: 30/39 MP: 6/6
  1920 | D:3      | HP: 1/39 [something/magic dart (2)]
  1920 | D:3      | Slain by an orc wizard

Skill      XL: |  1  2  3 |
---------------+----------+-----
Axes           | 3 |  3.7
Dodging        | 2 |  2.8
Fighting       | 4 |  4.5
Armour         | 3 |  3.7

Action                   |  1- 3 |  4- 6 || total
-------------------------+-------+-------++-------
Melee: Hand axe          |    83 |   128 ||   211
Invok: Berserk           |     1 |     2 ||     3
  Eat: Chunk             |       |     5 ||     5
Armor: Animal skin       |    31 |    76 ||   107
Dodge: Dodged            |    65 |    99 ||   164
